 Dungeon Crawl Stone Soup version 0.28-a0-983-g1de4e0787c (webtiles) character file.

Game seed: 7792276084799615303

19387 vineage the Warrior (level 12, -6/87 HPs)
             Began as a Gargoyle Fighter on Dec 2, 2021.
             Was the Champion of Okawaru.
             Mangled by a boulder beetle (34 damage)
             ... on level 2 of the Lair of Beasts.
             The game lasted 00:17:46 (19154 turns).

vineage the Warrior (Gargoyle Fighter)             Turns: 19154, Time: 00:17:47

Health: -6/87      AC: 27    Str: 24    XL:     12   Next: 68%
Magic:  1/25       EV: 10    Int: 18    God:    Okawaru [******]
Gold:   1252       SH: 13    Dex: 13    Spells: 11/11 levels left

rFire   + + +      SeeInvis +   o - +3 whip (freeze)
rCold   + . .      Faith    .   x - +2 buckler of Sin {rC+}
rNeg    + . .      Spirit   .   b - +0 scale mail
rPois   ∞          Reflect  +   D - +1 helmet of the Loofah {Int+6 Stlth-}
rElec   +          Harm     .   a - +1 cloak "Neokoygo" {rF+++ Str-5 Int+2 SInv}
rCorr   .          Rampage  .   q - +2 pair of gloves {infuse}
Will    .....                   j - +0 pair of boots
Stlth   ..........              c - amulet of reflection
HPRegen 0.24/turn               F - ring of Starshine {Fly MP+9 Str+3}
MPRegen 0.19/turn               E - +6 ring of strength

@: mighty, flying
A: sickness immunity, AC +8, negative energy resistance 1, electricity
resistance, torment resistance 1, petrification resistance
a: Renounce Religion, Heroism, Finesse, Duel


You were on level 2 of the Lair of Beasts.
You worshipped Okawaru.
Okawaru was exalted by your worship.
You visited 2 branches of the dungeon, and saw 13 of its levels.
You also visited: Bailey.

You collected 1317 gold pieces.
You spent 65 gold pieces at shops.

Inventory:

Hand Weapons
 o - a +3 whip of freezing (weapon)
Armour
 a - the +1 cloak "Neokoygo" (worn) {rF+++ Str-5 Int+2 SInv}
   (You found it in a bailey)

   Str:       It affects your strength (-5).
   Int:       It affects your intelligence (+2).
   rF:        It renders you almost immune to fire.
   SInv:      It lets you see invisible.
 b - a +0 scale mail (worn)
 j - a +0 pair of boots (worn)
 q - a +2 pair of gloves of infusion (worn)
 x - the +2 buckler of Sin (worn) {rC+}
   (Okawaru gifted it to you on level 1 of the Lair of Beasts)

   rC:        It protects you from cold.
 D - the +1 helmet of the Loofah (worn) {Int+6 Stlth-}
   (You found it on level 9 of the Dungeon)

   Int:       It affects your intelligence (+6).
   Stlth:     It makes you less stealthy.
 L - a +1 cloak of preservation
Jewellery
 c - an amulet of reflection (around neck)
 g - a ring of magical power
 i - a +6 ring of intelligence
 y - a ring of resist corrosion
 C - an amulet of faith
 E - a +6 ring of strength (right hand)
 F - the ring of Starshine (left hand) {Fly MP+9 Str+3}
   (You found it in a bailey)

   [ring of flight]

   Str:       It affects your strength (+3).
   MP:        It affects your magic capacity (+9).
   Fly:       It grants you flight.
Wands
 m - a wand of flame (35)
 r - a wand of polymorph (17)
Scrolls
 k - 3 scrolls of teleportation
 p - 2 scrolls of fog
 w - 2 scrolls of fear
 A - 3 scrolls of blinking
 G - a scroll of amnesia
 J - a scroll of enchant weapon
 K - a scroll of enchant armour
Potions
 d - a potion of might
 e - a potion of degeneration {unknown}
 f - 3 potions of berserk rage
 h - 3 potions of magic
 l - 2 potions of curing
 n - a potion of mutation {unknown}
 s - 2 potions of lignification {unknown}
 t - 2 potions of attraction
 u - a potion of haste {unknown}
 v - a potion of ambrosia {unknown}
 z - 2 potions of brilliance {unknown}
 B - 2 potions of heal wounds
 H - a potion of cancellation {unknown}
 I - a potion of invisibility {unknown}


   Skills:
 - Level 15.1 Fighting
 + Level 8.8 Maces & Flails
 + Level 9.9 Armour
 + Level 9.9 Shields
 + Level 5.6 Invocations


You had 11 spell levels left.
You didn't know any spells.
Your spell library contained the following spells:

 Spells                   Type           Power      Damage    Failure   Level
 Foxfire                  Conj/Fire      0%         2x1d4     41%         1
 Magic Dart               Conj           0%         1d3       41%         1
 Sting                    Tmut/Pois      0%         1d3       41%         1
 Corpse Rot               Necr/Air       0%         N/A       56%         2
 Poisonous Vapours        Pois/Air       0%         N/A       56%         2
 Static Discharge         Conj/Air       0%         N/A       56%         2
 Conjure Flame            Conj/Fire      0%         6-21      80%         3
 Inner Flame              Hex/Fire       0%         N/A       80%         3
 Mephitic Cloud           Conj/Pois/Air  0%         N/A       80%         3
 Stone Arrow              Conj/Erth      0%         3d7       80%         3
 Dispel Undead            Necr           0%         3d6       99%         4
 Flame Wave               Conj/Fire      0%         2d4       99%         4
 Olgreb's Toxic Radiance  Pois           0%         N/A       99%         4
 Petrify                  Tmut/Erth      0%         N/A       99%         4
 Irradiate                Conj/Tmut      0%         3d14      100%        5
 Dispersal                Tloc           0%         N/A       100%        6
 Disjunction              Tloc           0%         N/A       100%        8
 Ignition                 Fire           0%         3d3       100%        8
 Lehudib's Crystal Spear  Conj/Erth      0%         10d2      100%        8
 Call Imp                 Summ           Unusable   N/A       N/A         2
 Sublimation of Blood     Necr           Unusable   N/A       N/A         2
 Animate Armour           Summ/Erth      Unusable   N/A       N/A         4

Dungeon Overview and Level Annotations

Branches:
Dungeon (11/15)            Temple (0/1) D:6            Lair (2/6) D:8
    Orc (0/2) D:11         Bailey (visited)
  Swamp: Lair:2-4    Shoals: Lair:2-4     Snake: Lair:2-4    Spider: Lair:2-4

Altars:
Dithmenos
Elyvilon
Fedhas
Gozag
Hepliaklqana
Kikubaaqudgha
Nemelex Xobeh
Okawaru
Qazlal
Ru
Trog
Uskayaw
Vehumet
Wu Jian
Yredelemnul
Zin
The Shining One

Shops:
D:4 *   D:5 !   D:7 (=(=:


Innate Abilities, Weirdness & Mutations

You are immune to sickness and miasma.
Your stone body is resilient. (AC +8)
You are immune to poison.
You resist negative energy. (rN+)
You are resistant to electric shocks. (rElec)
You are resistant to unholy torment.
You are immune to petrification.


Message History

You whack the boulder beetle! You freeze the boulder beetle.
The boulder beetle is moderately wounded.
The boulder beetle misses you.
The boulder beetle stops rolling and uncurls.
You whack the boulder beetle! You freeze the boulder beetle.
The boulder beetle is heavily wounded.
You block the boulder beetle's attack.
You hit the boulder beetle. You freeze the boulder beetle.
The boulder beetle is severely wounded.
You barely miss the boulder beetle.
The boulder beetle is severely wounded.
The boulder beetle barely misses you.
You hit the boulder beetle but do no damage.
The boulder beetle is severely wounded.
You block the boulder beetle's attack.
You whack the boulder beetle! You freeze the boulder beetle.
The boulder beetle is severely wounded.
You hit the boulder beetle. You freeze the boulder beetle.
The boulder beetle is severely wounded.
The boulder beetle bites you!
You hit the boulder beetle but do no damage.
The boulder beetle is severely wounded.
The boulder beetle closely misses you.
You whack the boulder beetle! You freeze the boulder beetle.
The boulder beetle is almost dead.
You hit the boulder beetle but do no damage.
The boulder beetle is almost dead.
The boulder beetle bites you!!
* * * LOW HITPOINT WARNING * * *
You hit the boulder beetle but do no damage.
The boulder beetle is almost dead.
You hit the boulder beetle. You freeze the boulder beetle.
The boulder beetle is almost dead.
The boulder beetle leaps!
You feel better.
The boulder beetle curls into a ball and begins rolling!
You feel better.
Okay, then.
The boulder beetle hits you!!
You die...

#P..##..#..#....................
#..............................
#..............................
##.............°................
#..............°.####.###.......
##.............○..#...####.....P
#.####.####...○.##...........P.
##≈≈≈≈### #...B.#.......#......
##≈≈≈≈≈≈######..@.##.............
#≈≈≈≈≈≈≈...###.....#...[..#......
≈≈≈≈_≈≈≈.....#....P#..#.###....#.
≈≈≈≈.≈≈≈≈.####>...###.####....†#.
##≈≈.≈≈≈#.# #...................#
#≈≈.≈#.#.####...(...............
##..............................
######.####.##.##P..#.######.##
### ##.#####.#### ####


You could see a boulder beetle (rolling).

Vanquished Creatures
  2 hydras (Lair:1)
  2 two-headed ogres
  A cyclops (D:11)
  3 black mambas
  8 cane toads
  A komodo dragon (Lair:1)
  Maggie (D:6)
  3 rime drakes
  2 trolls (D:11)
  2 hornets
  Prince Ribbit (D:5)
  8 blink frogs
  A meliai zombie (D:11)
  A shadow (D:9)
  A basilisk (Lair:1)
  4 wyverns
  A wraith (D:6)
  9 yaks
  A steam dragon (D:8)
  7 vampire mosquitoes
  Menkaure (D:5)
  8 water moccasins
  2 sky beasts
  8 orc warriors
  A hornet zombie (D:7)
  An ice beast (D:7)
  3 black bears
  A necrophage (D:5)
  5 centaurs
  A kobold brigand (D:8)
  A wyvern zombie (D:7)
  4 gnoll sergeants (D:8)
  4 bullfrogs
  5 scorpions
  A wyvern skeleton (D:7)
  3 vampire bats (D:4)
  4 howler monkeys (D:7)
  6 centaur zombies
  5 orc priests
  2 hounds (D:8)
  A centaur skeleton (D:5)
  3 jellies
  A bullfrog skeleton (D:6)
  A gnoll shaman (D:8)
  An iguana (D:3)
  Natasha (thrice) (D:2)
  5 orc wizards
  A statue (D:7)
  A killer bee zombie (D:8)
  A hound skeleton (D:4)
  A mummy (D:4)
  A howler monkey zombie (D:5)
  Robin (D:3)
  14 gnolls
  13 adders
  A shadow imp (D:7)
  2 ufetubi (D:5)
  An adder skeleton (D:4)
  2 worms
  A dart slug (D:3)
  30 orcs
  3 bat skeletons (D:4)
  2 bat zombies (D:4)
  6 endoplasms
  7 giant cockroaches
  29 goblins
  13 hobgoblins
  24 kobolds
  2 quokkas
  6 ball pythons
  5 bats
  6 frilled lizards
  2 rats (D:1)
315 creatures vanquished.

Vanquished Creatures (others)
  7 fungi
  13 plants
20 creatures vanquished.

Grand Total: 335 creatures vanquished

Notes
Turn   | Place    | Note
-------+----------+-------------------------------------------
     0 | D:1      | vineage the Gargoyle Fighter began the quest for the Orb.
     0 | D:1      | Reached XP level 1. HP: 14/14 MP: 1/1
    51 | D:1      | Reached XP level 2. HP: 6/20 MP: 2/2
    61 | D:1      | Reached skill level 4 in Fighting
   959 | D:1      | Reached XP level 3. HP: 21/24 MP: 3/3
  1327 | D:2      | Noticed Natasha
  1333 | D:2      | Killed Natasha
  1334 | D:2      | Reached skill level 5 in Fighting
  1334 | D:2      | Reached XP level 4. HP: 21/31 MP: 4/4
  1629 | D:2      | Found a faded altar of an unknown god.
  1805 | D:2      | Noticed Natasha
  1810 | D:2      | Killed Natasha
  1822 | D:2      | Reached skill level 6 in Fighting
  2200 | D:2      | Noticed Natasha
  2206 | D:2      | Killed Natasha
  2207 | D:2      | Reached XP level 5. HP: 36/36 MP: 5/5
  2232 | D:3      | Found a stormy altar of Qazlal.
  2373 | D:3      | Noticed Robin
  2399 | D:3      | Killed Robin
  2522 | D:3      | Found a basalt altar of Yredelemnul.
  3133 | D:3      | Reached skill level 7 in Fighting
  3211 | D:3      | Found a sparkling altar of Nemelex Xobeh.
  3387 | D:3      | Reached XP level 6. HP: 36/44 MP: 6/6
  3453 | D:4      | Found an iron altar of Okawaru.
  3461 | D:4      | Became a worshipper of Warmaster Okawaru
  3522 | D:4      | Found a sand-covered staircase.
  3734 | D:4      | Found a blossoming altar of Fedhas.
  3822 | D:4      | Found Itorr's General Store.
  3943 | D:4      | Noticed a black bear
  4090 | D:4      | Found an ornate altar of the Wu Jian Council.
  4123 | D:4      | Noticed a black bear
  4124 | D:4      | Found a glowing golden altar of the Shining One.
  4145 | D:4      | Killed a black bear
  4146 | D:4      | Reached skill level 8 in Fighting
  4380 | D:4      | Killed a black bear
  4381 | D:4      | Reached XP level 7. HP: 27/50 MP: 7/7
  4653 | D:4      | Found an ancient bone altar of Kikubaaqudgha.
  4672 | D:4      | Reached skill level 9 in Fighting
  4743 | D:5      | Entered Level 5 of the Dungeon
  4765 | D:5      | Reached * piety under Okawaru
  5020 | D:5      | Found Xitecuse's Distillery.
  5024 | D:5      | Got Asmodeus's Disquisition on Flames
  5034 | D:5      | Noticed Menkaure
  5037 | D:5      | Killed Menkaure
  5038 | D:5      | Reached skill level 10 in Fighting
  5038 | D:5      | Reached XP level 8. HP: 52/57 MP: 8/8
  5074 | D:5      | Found an opulent altar of Gozag.
  5395 | D:5      | Found a hazy altar of Hepliaklqana.
  5782 | D:5      | Found a white marble altar of Elyvilon.
  5906 | D:6      | Noticed Prince Ribbit
  5927 | D:5      | Bought a potion of heal wounds for 65 gold pieces
  5927 | D:5      | Identified a scroll of acquirement
  5927 | D:5      | Acquired a +2 pair of gloves of infusion
  6105 | D:5      | Killed Prince Ribbit
  6105 | D:5      | Reached ** piety under Okawaru
  6106 | D:5      | Reached skill level 11 in Fighting
  6350 | D:6      | Found a staircase to the Ecumenical Temple.
  6363 | D:6      | Reached skill level 12 in Fighting
  6512 | D:6      | Noticed a wraith
  6538 | D:6      | Killed a wraith
  6539 | D:6      | Reached XP level 9. HP: 31/67 MP: 0/9
  6722 | D:6      | Noticed Maggie
  6740 | D:6      | Killed Maggie
  6740 | D:6      | Reached *** piety under Okawaru
  6741 | D:6      | Reached skill level 13 in Fighting
  7754 | D:6      | Found a glowing silver altar of Zin.
  7883 | D:7      | Found Wigaul's Jewellery Shop.
  7901 | D:7      | Reached skill level 14 in Fighting
  8225 | D:7      | Found Puonkegy's Jewellery Emporium.
  8255 | D:7      | Identified the +0 robe "Gymuiquuni" {rPois Regen+ rCorr}
  8260 | D:7      | Found Seucho's Weapon Emporium.
  8282 | D:7      | Reached **** piety under Okawaru
  8465 | D:7      | Found Lyminlou's Book Shoppe.
  8585 | D:7      | Found a shadowy altar of Dithmenos.
  8643 | D:7      | Found a radiant altar of Vehumet.
  8796 | D:7      | Reached skill level 15 in Fighting
  8796 | D:7      | Reached XP level 10. HP: 76/76 MP: 4/10
  8855 | D:7      | Got the Catalogue of Flight and Darkness
  8951 | D:7      | Found Yzoent's Weapon Boutique.
  9790 | D:8      | Found a staircase to the Lair.
 10134 | D:8      | Reached skill level 5 in Shields
 10236 | D:8      | Reached skill level 5 in Armour
 10578 | D:8      | Found a hide-covered altar of Uskayaw.
 10906 | D:8      | Reached ***** piety under Okawaru
 11891 | D:9      | Identified the +1 helmet of the Loofah {Int+6 Stlth-}
 11964 | D:9      | Noticed a two-headed ogre
 11971 | D:9      | Killed a two-headed ogre
 11972 | D:9      | Reached skill level 5 in Maces & Flails
 12459 | D:10     | Entered Level 10 of the Dungeon
 12471 | D:10     | Reached XP level 11. HP: 54/81 MP: 3/11
 12960 | D:10     | Found a sacrificial altar of Ru.
 13683 | D:11     | Found a flagged portal.
 13706 | Bailey   | Entered a bailey
 13779 | Bailey   | Identified the ring of Starshine {Fly MP+9 Str+3}
 14382 | Bailey   | Identified the +1 cloak "Neokoygo" {rF+++ Str-5 Int+2 SInv}
 14740 | D:11     | Received a gift from Okawaru
 14858 | D:11     | Found a staircase to the Orcish Mines.
 14861 | D:11     | Noticed a two-headed ogre
 14875 | D:11     | Killed a two-headed ogre
 15259 | D:11     | Noticed a cyclops
 15278 | D:11     | Killed a cyclops
 15279 | D:11     | Reached skill level 1 in Invocations
 15965 | Lair:1   | Entered Level 1 of the Lair of Beasts
 15997 | Lair:1   | Identified the +2 buckler of Sin {rC+} (Okawaru gifted it
                  | to you on level 1 of the Lair of Beasts)
 15997 | Lair:1   | Received a gift from Okawaru
 16262 | Lair:1   | Reached ****** piety under Okawaru
 16360 | Lair:1   | Noticed an eight-headed hydra
 16375 | Lair:1   | Killed an eight-headed hydra
 16548 | Lair:1   | Reached XP level 12. HP: 87/87 MP: 14/14
 17332 | Lair:1   | Noticed a four-headed hydra
 17343 | Lair:1   | Killed a four-headed hydra
 18209 | Lair:2   | Reached skill level 5 in Invocations
 18953 | Lair:2   | Received a gift from Okawaru
 19083 | Lair:2   | Found a bloodstained altar of Trog.
 19102 | Lair:2   | Noticed a boulder beetle
 19154 | Lair:2   | Mangled by a boulder beetle

Illustrated notes

Levels and vault maps discovered:
D:1:      ncdulo_lavacross, layout_basic
D:2:      layout_loops_ring, ebering_ecumenical_altar_rust, uniq_natasha
D:3:      layout_loops_cross, general_overflow_altar,
          mainiacjoe_overflow_small_starburst, amcnicky_altar_gilded, uniq_robin
D:4:      layout_rooms, nicolae_wu_jian_immortal_techniques,
          kennysheep_vampire_church, okawaru_ov_weapons_minmay,
          mainiacjoe_overflow_boulevard, mainiacjoe_overflow_brackets,
          gup_ossuary_entry_pyramid, serial_shops, nicolae_shop_crystal
D:5:      corexii_shantytown, layout_basic, nicolae_hepliaklqana_hazy_memory,
          nicolae_gozag_cash_rules_everything_around_me,
          nicolae_elyvilon_temple_path, serial_shops, nicolae_take_the_stairs,
          uniq_menkaure
D:6:      old_forge, layout_rooms, zin_scriptorium, minmay_temple_entry_ruins,
          minmay_misc_feat_rows, minmay_misc_feat_enclosed, uniq_prince_ribbit1,
          uniq_maggie
D:7:      layout_rooms, vehumet_statue,
          nicolae_dithmenos_through_a_glass_darkly, serial_shops,
          nicolae_shop_advertising_works [nicolae_subvault_shop_adworks],
          kennysheep_mini_moat, nicolae_shop_window_shopping, kennysheep_mini,
          shop
D:8:      layout_cave_pools, nicolae_overflow_crystal_walls, lair_entry_dummy,
          serial_gnoll_camp, gnoll_camp_mini_house, gnoll_camp_mini_hut,
          gnoll_camp_mini_hut, gnoll_camp_mini_house, gnoll_camp_mini_sergeant
D:9:      layout_basic
D:10:     layout_cave_pools, mainiacjoe_overflow_concentric_impassable
D:11:     layout_long_grid, orc_0_dummy, enter_bailey_5
Lair:1:   layout_roguey, nicolae_lair_grove_arrangements, patterned_corridor
Lair:2:   layout_regular_city, lemuel_altar_in_water2, infiniplex_staircase_pool

Skill      XL: |  1  2  3  4  5  6  7  8  9 10 11 12 |
---------------+-------------------------------------+-----
Fighting       | 4 5 6 7 8 10 12 15 | 15.1
Armour         | 6 8 9 |  9.9
Shields        | 6 8 9 |  9.9
Maces & Flails | 5 7 8 |  8.8
Invocations    | 3 5 |  5.6

Action                   |  1- 3 |  4- 6 |  7- 9 | 10-12 || total
-------------------------+-------+-------+-------+-------++-------
Melee: Flail             |   104 |   215 |    93 |       ||   412
       Whip              |       |       |   376 |   859 ||  1235
Invok: Heroism           |       |       |     1 |     4 ||     5
  Use: Scroll            |       |     8 |     4 |     7 ||    19
       Potion            |       |     1 |     3 |     3 ||     7
Armor: Scale mail        |    52 |   172 |   342 |   422 ||   988
Dodge: Dodged            |    42 |   127 |   192 |   288 ||   649
Block: Buckler           |    24 |    20 |       |   103 ||   147
       Kite shield       |       |    80 |   324 |   396 ||   800
       Reflection        |       |       |       |     1 ||     1

Table legend: (Time is in decaauts)
 A = Elapsed time spent in this place.
 B = Non-inter-level travel time spent in this place.
 C = Inter-level travel time spent in this place.
 D = Time resting spent in this place.
 E = Time spent auto-exploring this place.
 F = Levels seen in this place.
 G = Mean time per level.
                   A        B        C        D        E       F      G
               +--------+--------+--------+--------+--------+-----+--------+
         Total |  19369 |  18737 |    632 |   1887 |  13708 |  14 | 1383.5 |
       Dungeon |  15458 |  14867 |    591 |   1709 |  10638 |  11 | 1405.3 |
          Lair |   3109 |   3068 |     41 |      0 |   2717 |   2 | 1554.5 |
        Bailey |    802 |    802 |      0 |    178 |    353 |   1 |  802.0 |
               +--------+--------+--------+--------+--------+-----+--------+

Top non-repeatable levels by time:
  Lair:1: 2023 daAuts
     D:7: 1834 daAuts
     D:8: 1811 daAuts
     D:6: 1761 daAuts
    D:11: 1702 daAuts
     D:4: 1408 daAuts
     D:5: 1404 daAuts
     D:1: 1216 daAuts
     D:3: 1201 daAuts
     D:9: 1108 daAuts
  Lair:2: 1085 daAuts
     D:2: 1069 daAuts
    D:10: 939 daAuts
  Bailey: 802 daAuts
